 Dungeon Crawl Stone Soup version 0.31-a0-1154-gadca813884 (webtiles) character file.

Game seed: 457110905768431711

53 Arzdou the Sneak (level 3, 0/21 HPs)
             Began as an Octopode Fire Elementalist on Dec 7, 2023.
             Slain by a gnoll
             ... wielding a +0 club
              (1 damage)
             ... on level 1 of the Dungeon.
             The game lasted 00:01:25 (1270 turns).

Arzdou the Sneak (Octopode Fire Elementalist)       Turns: 1270, Time: 00:01:26

Health: 0/21       AC:  1    Str:  7    XL:     3   Next: 87%
Magic:  3/6        EV: 13    Int: 19    God:
Gold:   104        SH:  0    Dex: 12    Spells: 5/6 levels left

rFire   . . .        c - +0 rapier
rCold   . . .        (no shield)
rNeg    . . .        (helmet restricted)
rPois   .            (no amulet)
rElec   .            (no ring)
rCorr   .            (no ring)
SInv    .            (no ring)
Will    .....        (no ring)
Stlth   +++          (no ring)
HPRegen 0.23/turn    (no ring)
MPRegen 0.10/turn    (no ring)
                     (no ring)

%: no passive effects
@: no status effects
A: almost no armour, amphibious, 8 rings, camouflage 1, gelatinous body 1,
(nimble swimmer 1), tentacles
a: no special abilities


You were on level 1 of the Dungeon.
You visited 1 branch of the dungeon, and saw 2 of its levels.

You collected 104 gold pieces.

Inventory:

Hand Weapons
 b - a +0 dagger
 c - a +0 rapier (weapon)
Armour
 h - a +2 kite shield of protection
Scrolls
 e - 3 scrolls of identify {unknown}
Potions
 a - a potion of magic
 d - a potion of enlightenment {unknown}
 f - 2 potions of curing {unknown}
 g - a potion of degeneration {unknown}
 i - a potion of might {unknown}


   Skills:
 + Level 2.5 Dodging
 + Level 3.5 Stealth
 + Level 2.4 Spellcasting
 + Level 1.7 Conjurations
 + Level 3.3 Fire Magic


You had 5 spell levels left.
You knew the following spells:

 Your Spells              Type           Power      Damage    Failure   Level
a - Foxfire               Conj/Fire      44%        2x1d6     6%          1

Your spell library contained the following spells:

 Spells                   Type           Power      Damage    Failure   Level
 Scorch                   Fire           30%        2d6       6%          2
 Inner Flame              Hex/Fire       8%         N/A       24%         3
 Volatile Blastmotes      Fire/Tloc      16%        2d11      24%         3
 Flame Wave               Conj/Fire      11%        2d6       50%         4


Dungeon Overview and Level Annotations

Branches:
Dungeon (2/15)

Altars:


Innate Abilities, Weirdness & Mutations

You cannot wear most types of armour.
You are amphibious.
You can wear up to eight rings at the same time.
Your skin changes colour to match your surroundings (Stealth+).
Your rubbery body absorbs attacks. (AC +1, EV +1)
((You are camouflaged when in or above water. (Stealth+)))
You have tentacles for arms and can constrict up to eight enemies at once.


Message History

You conjure some foxfire!
The foxfire hits the gnoll but does no damage.
The gnoll is heavily wounded.
The foxfire hits the gnoll.
The gnoll is severely wounded.
You conjure some foxfire!
The foxfire hits the gnoll.
The gnoll is severely wounded.
The foxfire hits the gnoll.
The gnoll is almost dead.
The gnoll barely misses you.
You are out of magic!
Unknown command.
You closely miss the gnoll. You grab the gnoll.
The gnoll is almost dead.
You constrict the gnoll, but do no damage.
The foxfire hits the gnoll.
You kill the gnoll!
The foxfire hits the gnoll but does no damage.
The gnoll hits you with a +0 whip.
You see here a +0 flail.
You see here a +0 dagger.
The gnoll attacks as it pursues you! The gnoll misses you.
You see here a frilled lizard corpse.
The gnoll attacks as it pursues you! The gnoll hits you with a +0 club.
The gnoll attacks as it pursues you! The gnoll closely misses you.
The gnoll attacks as it pursues you! The gnoll hits you with a +0 club!
The gnoll attacks as it pursues you! The gnoll barely misses you.
There is a stone staircase leading up here.
You climb upwards.
There is a stone staircase leading down here.
You closely miss the gnoll. You grab the gnoll.
You squeeze the gnoll, but do no damage.
You constrict the gnoll. The gnoll hits you with a +0 club!
* * * LOW HITPOINT WARNING * * *
The gnoll barely misses you.
You hit the gnoll.
You tentacle-slap the gnoll, but do no damage.
The gnoll is lightly wounded.
You constrict the gnoll. The gnoll hits you with a +0 club.
You die...

#.#.....####.......#.# #.#.#
#.#........'.......#.# #.#.#
##.#.....####.......#.####.#.#
.#.#..#'## #.......#.#....#.#
.#.#..#.# ##.......#.####.#.#
.#.####.# #...............#.#
.#.#....# #..........####.#.#
.#.#.[..####...g......####.#.####
.+..............@......#.........
.#...†††......#..###########.####
..##....#####.#...............#
...#....# #.##.##############
...#....# #.##.# ...#.)..# #.##.#
...#....# #.##.# ..##...## #.##.#
..###.## #.##.#


You could see a gnoll.

Vanquished Creatures
  2 gnolls
  3 ball pythons (D:1)
  4 endoplasms (D:1)
  A giant cockroach (D:1)
  2 goblins
  3 hobgoblins (D:1)
  4 jackals (D:1)
  A quokka (D:1)
  4 bats (D:1)
  3 frilled lizards
  2 kobolds (D:1)
29 creatures vanquished.

Vanquished Creatures (collateral kills)
  A foxfire (D:1)
1 creature vanquished.

Vanquished Creatures (others)
  51 foxfires
51 creatures vanquished.

Grand Total: 81 creatures vanquished

Notes
Turn   | Place    | Note
-------+----------+-------------------------------------------
     0 | D:1      | Arzdou the Octopode Fire Elementalist began the quest for
                  | the Orb.
     0 | D:1      | Reached XP level 1. HP: 11/11 MP: 3/3
   335 | D:1      | Reached XP level 2. HP: 13/17 MP: 5/5
   478 | D:1      | Reached XP level 3. HP: 21/21 MP: 0/6
  1269 | D:1      | HP: 1/21 [gnoll/+0 club (10)]
  1270 | D:1      | Slain by a gnoll

Illustrated notes

Levels and vault maps discovered:
D:1:      dpeg_arrival_windows_large_door, layout_basic, dk_noncrumbling_2,
          grunt_decor_resistance, nicolae_grassy_gnolls
D:2:      layout_basic, uniq_robin, uniq_natasha

Skill      XL: |  1  2 |
---------------+-------+-----
Stealth        | 3 |  3.5
Dodging        | |  2.5
Spellcasting   | |  2.4
Conjurations   | |  1.7
Fire Magic     | |  3.3

Action                     || total
---------------------------++-------
  Melee: Rapier            ||    36
         Tentacles         ||    10
         Constrict         ||    11
         Punch             ||     1
   Cast: Foxfire           ||    28
   Stab: Sleeping          ||     3
 Armour: Skin              ||    22
  Dodge: Dodged            ||    31

Table legend: (Time is in decaauts)
 A = Elapsed time spent in this place.
 B = Non-inter-level travel time spent in this place.
 C = Inter-level travel time spent in this place.
 D = Time resting spent in this place.
 E = Time spent auto-exploring this place.
 F = Levels seen in this place.
 G = Mean time per level.
                   A        B        C        D        E       F      G
               +--------+--------+--------+--------+--------+-----+--------+
         Total |   1276 |   1242 |     34 |     30 |    996 |   2 |  638.0 |
       Dungeon |   1276 |   1242 |     34 |     30 |    996 |   2 |  638.0 |
               +--------+--------+--------+--------+--------+-----+--------+

Top non-repeatable levels by time:
     D:1: 1215 daAuts
     D:2: 60 daAuts
